Map: Gresvan LE

Players

滑雪的玻尔 - Winner!

  • Race: Zerg Zerg
  • League: Silver
  • Spawn Location: 5:00

winzboy

  • Race: Protoss Protoss
  • League: Gold
  • Spawn Location: 11:00

VOD

Have the link to the VOD?

Description

Time

  • Played on: May 26, 2023, 4:11 a.m.
  • Length: 3:11
Show
View Real Time Build Order
Export as new Build Order

滑雪的玻尔 Zerg - Winner!

Build Orders: Pool First 

Get SALT Encoding   

  12  0:20  Spawning Pool  
  11  0:25  Drone  
  11  0:26  Drone  
  13  0:40  Overlord  
  13  0:44  Drone  
  14  1:07  Zergling x4  
  14  1:09  Zergling x2  
  17  1:22  Drone  
  17  1:25  Hatchery  
  17  1:34  Zergling x2  
  18  1:44  Zergling x2  
  19  1:55  Zergling x2  
  20  2:03  Zergling x2  
  21  2:16  Zergling x2  
  19  2:48  Extractor  
Show
View Real Time Build Order
Export as new Build Order

winzboy Protoss 

Build Orders: 1 Gate Expand 

Get SALT Encoding   

  12  0:02  Probe  
  13  0:19  Pylon  
  13  0:20  Probe  
  14  0:32  Probe  
  15  0:46  Gateway  
  15  0:48  Probe (Chrono Boost)  
  16  0:53  Assimilator  
  17  0:58  Probe (Chrono Boost)  
  17  1:03  Probe (Chrono Boost)  
  18  1:14  Probe  
  19  1:27  Probe  
  20  1:34  Nexus  
  20  1:39  Probe  
  21  1:45  Cybernetics Core  
  21  1:51  Probe  
  22  2:01  Pylon  
  22  2:06  Probe  
  23  2:14  Assimilator  
  23  2:19  Probe  
  24  2:34  Pylon  
  21  2:51  Pylon  
Tags
 
Add a new tag
Caveats
  • Supply blocks, unpowered buildings, or Contaminate may cause inaccurate times.
  • Supply counts are checked every 10 seconds.